 Dungeon Crawl Stone Soup version 0.31.0-32-g396128a36d (webtiles) character file.

Game seed: 7603695596598760062

5380 Curundu the Cleaver (level 10, 0/132 HPs)
             Began as a Minotaur Berserker on Mar 19, 2024.
             Was an Elder of Trog.
             Slain by a white ugly thing (23 damage)
             ... on level 8 of the Dungeon.
             The game lasted 00:19:34 (6995 turns).

Curundu the Cleaver (Minotaur Berserker)            Turns: 6995, Time: 00:19:35

Health: 0/132      AC: 17    Str: 33    XL:     10   Next: 39%
Magic:  18/18      EV: 11    Int:  4    God:    Trog [****..]
Gold:   537        SH:  9    Dex:  5    Spells: 9/9 levels left

rFire   . . .        w - +0 hand axe (venom)
rCold   . . .        n - +0 buckler
rNeg    + . .        j - +0 pearl dragon scales
rPois   .            (helmet restricted)
rElec   .            e - +0 cloak
rCorr   .            (no gloves)
SInv    .            a - +0 pair of boots
Will    +....        D - amulet of reflection Stlth
                     u - ring of Creativity {Will+ MP+9 Str+6 Dex-4}
HPRegen 0.42/turn    (no ring)
MPRegen 0.16/turn

%: reflection
@: berserking (expiring), weakened, very quick
A: horns 2, retaliatory headbutt
a: Renounce Religion, Berserk, Trog's Hand, Brothers in Arms


You were on level 8 of the Dungeon.
You worshipped Trog.
Trog was greatly pleased with you.
You visited 1 branch of the dungeon, and saw 8 of its levels.
You also visited: Sewer.

You collected 537 gold pieces.

Inventory:

Hand Weapons
 w - a +0 hand axe of venom (weapon)
Missiles
 b - 8 boomerangs (quivered)
Armour
 a - a +0 pair of boots (worn)
 e - a +0 cloak (worn)
 j - +0 pearl dragon scales (worn)
 n - a +0 buckler (worn)
Jewellery
 u - the ring of Creativity (left hand) {Will+ MP+9 Str+6 Dex-4}
   (You found it on level 5 of the Dungeon)

   [ring of magical power]

   Str+6:     It affects your strength (+6).
   Dex-4:     It affects your dexterity (-4).
   Will+:     It increases your willpower.
   MP+9:      It affects your magic capacity (+9).
 z - a ring of positive energy
 C - a ring of see invisible
 D - an amulet of reflection (around neck)
Wands
 v - a wand of acid (17)
Scrolls
 d - 4 scrolls of enchant weapon {unknown}
 f - 7 scrolls of identify {unknown}
 g - a scroll of amnesia {unknown}
 h - 3 scrolls of poison {unknown}
 i - 4 scrolls of brand weapon {unknown}
 k - a scroll of vulnerability {unknown}
 m - a scroll of revelation {unknown}
 q - a scroll of fear {unknown}
 s - 2 scrolls of butterflies {unknown}
 x - a scroll of silence {unknown}
 y - a scroll of blinking {unknown}
 A - a scroll of immolation {unknown}
 B - a scroll of torment {unknown}
Potions
 c - 7 potions of curing {unknown}
 l - a potion of brilliance {unknown}
 o - 3 potions of haste {unknown}
 p - 3 potions of magic {unknown}
 r - a potion of invisibility {unknown}
 t - 2 potions of cancellation {unknown}


   Skills:
 + Level 8.3 Fighting
 + Level 11.4 Axes
 + Level 9.6 Armour
 * Level 6.4 Dodging
 - Level 1.7 Stealth
 + Level 5.8 Shields


You had 9 spell levels left.
You didn't know any spells.
Your spell library was empty.

Dungeon Overview and Level Annotations

Branches:
Dungeon (8/15)             Temple (0/1) D:6            Lair (0/5) D:8
  Sewer (visited)

Altars:
Elyvilon
Fedhas
Nemelex Xobeh
Qazlal
Ru
Sif Muna
Uskayaw

Shops:
D:2 :


Innate Abilities, Weirdness & Mutations

You have a pair of horns on your head.
You reflexively headbutt those who attack you in melee.


Message History

You slash the two-headed ogre!
The two-headed ogre is moderately wounded.
The two-headed ogre hits you but does no damage.
The two-headed ogre barely misses you.
You slash the two-headed ogre!
The two-headed ogre is poisoned.
The two-headed ogre is moderately wounded.
The meliai calls down the wrath of its god upon you.
Something smites you!
* * * LOW HITPOINT WARNING * * *
You slice the two-headed ogre!!
The two-headed ogre looks as sick as possible!
The two-headed ogre is almost dead.
The meliai invokes the aid of its god against you.
Something smites you!
* * * LOW HITPOINT WARNING * * *
The gnoll bouda gazes fiercely through you!
You feel your attacks grow feeble.
You slash the two-headed ogre!
You kill the two-headed ogre!
Trog accepts your kill.
You hit the white ugly thing.
The white ugly thing is poisoned.
The white ugly thing is lightly wounded.
A vampire mosquito comes into view.
The vampire mosquito buzzes angrily.
You slash the white ugly thing!
The white ugly thing looks as sick as possible!
The white ugly thing is moderately wounded.
The white ugly thing closely misses you.
You furiously retaliate!
You headbutt the white ugly thing! You closely miss the white ugly thing.
The white ugly thing is moderately wounded.
A centaur warrior comes into view.
The gnoll bouda gazes fiercely through you!
You feel as though you will be weak longer.
You closely miss the white ugly thing.
The white ugly thing is heavily wounded.
The white ugly thing trunk-slaps you.
* * * LOW HITPOINT WARNING * * *
The white ugly thing freezes you!!
You die...

..... ##########+#
#..######
#.......#..####..##...##
#.......#.....#........#
#.......#.....#........#
#.......#.....+........#
#............##.......##
#......##.........###.#.
#.....#@####...#### #.#.
#.....##ugg##### ##...
#.....


KFgy... #.... #..... Kg#.... #..#. #..... #oy ### ##..#. #####. ..# #..##. #.
..# #..#.. c.# #..#.. ##.... You could see a white ugly thing (extremely
poisoned), a centaur warrior, a vampire mosquito, 2 kobold brigands, a meliai, a
bullfrog, a gnoll bouda, 3 gnolls and an orc.

Vanquished Creatures
  3 two-headed ogres (D:8)
  A komodo dragon (D:8)
  A hornet (D:8)
  A basilisk (D:8)
  2 water moccasins
  An acid dragon (D:8)
  A black bear (D:6)
  A sky beast (D:5)
  3 ice beasts
  3 ogres
  3 centaurs (D:7)
  A phantom (D:5)
  Blork the orc (D:6)
  3 bullfrogs
  2 brain worms (Sewer)
  2 scorpions
  4 killer bees (D:7)
  6 hounds
  3 jellies
  4 orc priests (D:5)
  A gnoll bouda (D:6)
  2 sleepcaps
  3 iguanas
  7 orc wizards
  Robin (D:4)
  5 gnolls
  11 adders
  2 river rats (Sewer)
  A shadow imp (D:6)
  A white imp (D:6)
  2 ufetubi (D:5)
  A dart slug (D:1)
  A ribbon worm (D:5)
  22 orcs
  11 ball pythons
  6 bats
  7 endoplasms
  5 giant cockroaches
  15 goblins
  11 hobgoblins
  2 jackals (D:5)
  A quokka (D:1)
  6 frilled lizards
  9 kobolds
  9 rats
188 creatures vanquished.

Notes
Turn   | Place    | Note
-------+----------+-------------------------------------------
     0 | D:1      | Curundu the Minotaur Berserker began the quest for the Orb.
     0 | D:1      | Reached XP level 1. HP: 19/19 MP: 0/0
    84 | D:1      | Reached XP level 2. HP: 25/27 MP: 1/1
   102 | D:1      | Reached skill level 4 in Axes
   710 | D:1      | Reached XP level 3. HP: 30/33 MP: 2/2
   965 | D:2      | Reached ** piety under Trog
  1440 | D:2      | Found Apaddunk's Book Shoppe.
  1654 | D:3      | Reached XP level 4. HP: 37/41 MP: 3/3
  1982 | D:3      | Reached skill level 5 in Axes
  1990 | D:3      | Reached XP level 5. HP: 41/47 MP: 4/4
  2225 | D:4      | Noticed Robin
  2240 | D:4      | Killed Robin
  2241 | D:4      | Reached skill level 5 in Fighting
  2242 | D:4      | Reached *** piety under Trog
  2512 | D:4      | Reached skill level 6 in Axes
  2630 | D:4      | Reached XP level 6. HP: 47/56 MP: 5/5
  3128 | D:5      | Entered Level 5 of the Dungeon
  3191 | D:5      | Reached skill level 7 in Axes
  3243 | D:5      | Reached skill level 1 in Shields
  3243 | D:5      | Reached XP level 7. HP: 61/61 MP: 6/6
  3243 | D:5      | Found a glowing drain.
  3272 | Sewer    | Entered a sewer
  3651 | Sewer    | Reached **** piety under Trog
  3865 | D:5      | Reached skill level 5 in Armour
  3865 | D:5      | Reached skill level 1 in Stealth
  3983 | D:5      | Identified the ring of Creativity {Will+ MP+9 Str+6 Dex-4}
  4206 | D:5      | Reached skill level 8 in Axes
  4208 | D:5      | Reached XP level 8. HP: 55/70 MP: 7/7
  4636 | D:6      | Noticed Blork the orc
  4655 | D:6      | Killed Blork the orc
  4792 | D:6      | Found a staircase to the Ecumenical Temple.
  4843 | D:6      | Found a sacrificial altar of Ru.
  4853 | D:6      | Found a sparkling altar of Nemelex Xobeh.
  4856 | D:6      | Found a hide-covered altar of Uskayaw.
  4856 | D:6      | Found a white marble altar of Elyvilon.
  4863 | D:6      | Found a shimmering blue altar of Sif Muna.
  5038 | D:6      | Reached skill level 9 in Axes
  5038 | D:6      | Reached skill level 5 in Dodging
  5158 | D:6      | Identified the blade talisman of Hedging {*Corrode rPois
                  | Int+4}
  5374 | D:7      | Found a stormy altar of Qazlal.
  5378 | D:7      | Found a blossoming altar of Fedhas.
  5387 | D:7      | Reached XP level 9. HP: 77/78 MP: 8/8
  6332 | D:8      | Reached skill level 10 in Axes
  6543 | D:8      | Found a staircase to the Lair.
  6543 | D:8      | Noticed a komodo dragon
  6566 | D:8      | Killed a komodo dragon
  6820 | D:8      | Noticed a two-headed ogre
  6830 | D:8      | Killed a two-headed ogre
  6831 | D:8      | Reached skill level 5 in Shields
  6831 | D:8      | Reached XP level 10. HP: 88/88 MP: 9/9
  6971 | D:8      | Noticed a two-headed ogre
  6973 | D:8      | Noticed a two-headed ogre
  6975 | D:8      | Noticed a white ugly thing
  6975 | D:8      | Noticed a meliai
  6986 | D:8      | Killed a two-headed ogre
  6987 | D:8      | Reached skill level 11 in Axes
  6991 | D:8      | Killed a two-headed ogre
  6994 | D:8      | Noticed a centaur warrior
  6995 | D:8      | Slain by a white ugly thing

Illustrated notes

Levels and vault maps discovered:
D:1:      kennysheep_arrival_seaside, layout_loops_ring
D:2:      minmay_kobold_bridge, layout_loops_cross, serial_shops, shop
D:3:      layout_rooms, st_stairs_1, minivault_27, cheibrodos_gnoll_hut
D:4:      layout_gridville, uniq_robin
D:5:      layout_loops_ring, gup_sewer_entry_glass
D:6:      minmay_chambers_of_fours, layout_rooms,
          nicolae_overflow_hallway_of_the_gods, minmay_temple_entry_tees,
          uniq_blork_the_orc
D:7:      nicolae_whirlpool, layout_loops_ring,
          grunt_temple_overflow_forces_of_nature
D:8:      layout_gridville, david_lair_shrubbed, serial_shops, kennysheep_mini,
          minmay_pinched_square, uniq_pikel

Skill      XL: |  1  2  3  4  5  6  7  8  9 10 |
---------------+-------------------------------+-----
Axes           | 4 5 6 7 8 9 10 11 | 11.4
Fighting       | 4 5 6 7 8 |  8.3
Dodging        | 3 4 5 6 |  6.4
Armour         | 3 4 5 7 9 |  9.6
Shields        | 1 2 3 5 |  5.8
Stealth        | 1 |  1.7

Action                     |  1- 3 |  4- 6 |  7- 9 | 10-12 || total
---------------------------+-------+-------+-------+-------++-------
  Melee: Hand axe          |    82 |   126 |   315 |    28 ||   551
         Headbutt          |    14 |    17 |    53 |     5 ||    89
         Punch             |       |     1 |       |       ||     1
 Invoke: Trog's Hand       |       |     1 |     5 |       ||     6
         Berserk           |       |       |     3 |     1 ||     4
   Stab: Sleeping          |     1 |       |       |       ||     1
 Armour: Animal skin       |    55 |       |       |       ||    55
         Pearl dragon scal |    10 |   106 |   252 |     9 ||   377
  Dodge: Dodged            |    77 |    67 |   178 |     6 ||   328
  Block: Buckler           |       |    16 |    66 |     7 ||    89
